 Dungeon Crawl Stone Soup version 0.14-a0-1546-g4b4961f (webtiles) character file.

165 4tharraofdagon the Firebug (level 4, -1/24 HPs)
             Began as a Deep Elf Fire Elementalist on Dec 18, 2013.
             Killed from afar by Grinder (10 damage)
             ... with a wand of magic darts
             ... on Level 3 of the Dungeon.
             The game lasted 00:03:31 (658 turns).

4tharraofdagon the Firebug (DEFE)                    Turns: 658, Time: 00:03:31

HP  -1/24        AC  3     Str  5      XL: 4   Next: 19%
MP  11/14        EV 10     Int 21      God:
Gold 84          SH  0     Dex 15      Spells:  2 memorised,  6 levels left

rFire  . . .     SeeInvis .     d - +1 short sword (drain)
rCold  . . .     Clarity  .     l - +0 elf leather armour
rNeg   . . .     Conserve .     (no shield)
rPois  .         rCorr    .     (no helmet)
rElec  .         rRot     .     (no cloak)
SustAb . .       Spirit   .     (no gloves)
rMut   .         Warding  .     (no boots)
Saprov . . .     Stasis   .     (no amulet)
                                (no ring)
                                (no ring)

@: slightly resistant to hostile enchantments, fairly stealthy
A: no striking features
a: no special abilities


You were on level 3 of the Dungeon.
You were not hungry.

You visited 1 branch of the dungeon, and saw 4 of its levels.

You collected 84 gold pieces.

Inventory:

Hand weapons
 d - a +1,+1 short sword of draining (weapon)
Armour
 a - a +0 elven robe
 f - a +0 leather armour
 l - a +0 elven leather armour (worn)
Comestibles
 c - 3 bread rations
 q - a pear
Scrolls
 g - a scroll of noise {unknown}
 h - a scroll of enchant weapon I {unknown}
 i - a scroll of recharging {unknown}
 k - a scroll of remove curse {unknown}
 o - 2 scrolls of curse weapon {unknown}
Potions
 e - a potion of curing
 j - 4 potions of heal wounds {unknown}
 n - a potion of mutation {unknown}
 p - a potion of speed
 r - a potion of brilliance {unknown}
 s - a potion of might {unknown}
Books
 b - a book of Flames

   Spells                             Type                      Level
   *Flame Tongue                      Conjuration/Fire             1
   Throw Flame                        Conjuration/Fire             2
   *Conjure Flame                     Conjuration/Fire             3
   Inner Flame                        Hexes/Fire                   3
   Sticky Flame                       Conjuration/Fire             4
   Fireball                           Conjuration/Fire             5
Rods
 m - a -3 rod of fiery destruction (1/11)
   (You found it on level 3 of the Dungeon)


   Skills:
 - Level 2.4 Dodging
 - Level 2.4 Stealth
 + Level 3.6 Spellcasting
 * Level 2.9 Conjurations
 * Level 4.3 Fire Magic


You had 6 spell levels left.
You knew the following spells:

 Your Spells              Type           Power        Failure   Level  Hunger
a - Flame Tongue          Conj/Fire      ###..        2%          1    None
b - Conjure Flame         Conj/Fire      ###.....     10%         3    ###....


Dungeon Overview and Level Annotations

Branches:
Dungeon (4/16)
 Temple: D:4-7

Altars:

Annotations:
D:3 Grinder


Message History

An adder, an orc, an orc wizard and Grinder come into view.
The orc wizard shouts!
Found 16 stones.
There is a stone staircase leading up here.
The orc shouts!
Grinder drinks a potion.
Grinder seems to speed up.
You climb upwards.
There is a stone staircase leading down here.
Unknown command.
Unknown command.
Unknown command.
Grinder zaps a wand.
The magic dart hits you!
Casting: Flame Tongue
Confirm with . or Enter, or press ? or * to list all spells.
Aiming: Conjure Flame
Press: ? - help, Dir - move target cursor The fire roars!
Grinder barely misses you.
Unknown command.
Grinder zaps a wand.
The magic dart hits you!
You die...

#..# .# #.
#..#########.## #.
#............... .
#.............#
#.............#
#.............# ..
#.............# #..
#.............# #..
#.@...........# #..
#.ยง...........#
#.. #.5...........#
#.. #.............#
#.. #.............#
#.. #.............#
#..
#.............###..
#..................
###################


You could see Grinder.

Vanquished Creatures
  3 adders
  A giant mite (D:2)
  3 worms (D:3)
  An orc (D:3)
  6 hobgoblins
  6 kobolds
  A quokka (D:3)
  A ball python (D:3)
  3 bats
  3 giant cockroaches
  2 goblins
  3 rats
33 creatures vanquished.

Notes
Turn   | Place    | Note
--------------------------------------------------------------
     0 | D:1      | 4tharraofdagon, the Deep Elf Fire Elementalist, began the quest for the Orb.
     0 | D:1      | Reached XP level 1. HP: 10/10 MP: 5/5
   174 | D:2      | Reached XP level 2. HP: 9/15 MP: 1/8
   299 | D:2      | Reached skill level 4 in Fire Magic
   299 | D:2      | Reached XP level 3. HP: 19/19 MP: 6/11
   304 | D:2      | Learned a level 3 spell: Conjure Flame
   515 | D:3      | Identified a -3 rod of fiery destruction (11/11) (You found it on level 3 of the Dungeon)
   555 | D:3      | Reached XP level 4. HP: 16/24 MP: 3/14
   653 | D:4      | Noticed Grinder
   658 | D:3      | Killed from afar by Grinder

Action                   |  1- 3 |  4- 6 || total
-------------------------+-------+-------++-------
Melee: Short sword       |    16 |     9 ||    25
       Rod               |     1 |       ||     1
 Cast: Flame Tongue      |    42 |     5 ||    47
       Conjure Flame     |       |     1 ||     1
Evoke: Rod               |     2 |       ||     2
  Use: Potion            |     2 |       ||     2
